PAA
CASPER GHOSTS @ MARQUETTE MINERS
05/08/2034
 
TOP OF THE 1ST
Casper Ghosts batting - Pitching for Marquette Miners : RHP Barry Mullen
Pitching: RHP Barry Mullen
Batting: RHB Armando Pacheco 0-0: Ball
1-0: Ground out 4-3 (Groundball, 4)
Batting: LHB Ronald Anderson 0-0: Ball
1-0: Called Strike
1-1: Ball
2-1: Ball
3-1: Base on Balls
Batting: LHB Marcus Shill 0-0: Foul Ball, location: 2F
0-1: Ball
1-1: Ball
2-1: Ball
3-1: Foul Ball, location: 2F
3-2: Base on Balls
Ronald Anderson to second
Batting: LHB Badry Maksimenov 0-0: Ball
1-0: Called Strike
1-1: Ball
2-1: 3-RUN HOME RUN (Flyball, 9LD), Distance : 354 ft
Batting: RHB Jeff Mouton 0-0: Called Strike
0-1: SINGLE (Groundball, 6M) (infield hit)
Batting: RHB Adrijan Markovski 0-0: Called Strike
0-1: Ball
1-1: Ball
2-1: Called Strike
2-2: Ball
3-2: Foul Ball, location: 2F
3-2: Fly out, F9 (Flyball, 9)
Batting: RHB Steve Weber 0-0: Called Strike
Jeff Mouton is caught stealing 2nd base
Top of the 1st over - 3 runs, 2 hits, 0 errors, 0 left on base; Casper 3 - Marquette 0
BOTTOM OF THE 1ST
Marquette Miners batting - Pitching for Casper Ghosts : RHP Huibrecht Bik
Pitching: RHP Huibrecht Bik
Batting: RHB Steve Albright 0-0: Called Strike
0-1: Ball
1-1: Called Strike
1-2: Ground out 1-3 (Groundball, P)
Batting: RHB Arvi Sutinen 0-0: Ball
1-0: Called Strike
1-1: Ball
2-1: Foul Ball, location: 2F
2-2: Ground out 4-3 (Groundball, 4)
Batting: RHB Brock Dean 0-0: Called Strike
0-1: Ground out 5-3 (Groundball, 56)
Bottom of the 1st over - 0 runs, 0 hits, 0 errors, 0 left on base; Casper 3 - Marquette 0
TOP OF THE 2ND
Casper Ghosts batting - Pitching for Marquette Miners : RHP Barry Mullen
Batting: RHB Steve Weber 0-0: Called Strike
0-1: Ball
1-1: Ball
2-1: Called Strike
2-2: Foul Ball, location: 2F
2-2: Ground out 4-3 (Groundball, 4)
Batting: RHB José Reyes 0-0: Foul Ball, location: 2F
0-1: Swinging Strike
0-2: Ball
1-2: Strikes out swinging
Batting: RHB Alfredo López 0-0: Swinging Strike
0-1: Swinging Strike
0-2: Ball
1-2: Ball
2-2: Ball
3-2: Base on Balls
Batting: RHB Armando Pacheco 0-0: Called Strike
0-1: Called Strike
0-2: Foul Ball, location: 2F
0-2: Ball
1-2: Strikes out swinging
Top of the 2nd over - 0 runs, 0 hits, 0 errors, 1 left on base; Casper 3 - Marquette 0
BOTTOM OF THE 2ND
Marquette Miners batting - Pitching for Casper Ghosts : RHP Huibrecht Bik
Batting: SHB Theron Montecalvo 0-0: Ball
1-0: Ball
2-0: Foul Ball, location: 2F
2-1: Swinging Strike
2-2: Ball
3-2: SINGLE (Flyball, 89S)
Batting: RHB Franklin Kelley 0-0: Ball
1-0: Ball
2-0: Fly out, F5 (Popup, 5DF)
Batting: RHB Sameen Shaw 0-0: Swinging Strike
0-1: Ball
1-1: Ball
2-1: Called Strike
2-2: Ground out 6-3 (Groundball, 6S)
Theron Montecalvo to second
Batting: RHB Matt Cleveland 0-0: Ball
1-0: Foul Ball, location: 2F
1-1: Ball
2-1: DOUBLE (Line Drive, 7LM)
Theron Montecalvo scores
Batting: RHB Vic Funnell 0-0: Fly out, F5 (Line Drive, 5L)
Bottom of the 2nd over - 1 run, 2 hits, 0 errors, 1 left on base; Casper 3 - Marquette 1
TOP OF THE 3RD
Casper Ghosts batting - Pitching for Marquette Miners : RHP Barry Mullen
Batting: LHB Ronald Anderson 0-0: Ball
1-0: Swinging Strike
1-1: Ball
2-1: Ball
3-1: Ground out 3-1 (Groundball, 34)
Batting: LHB Marcus Shill 0-0: Ball
1-0: Ball
2-0: Foul Ball, location: 2F
2-1: Called Strike
2-2: Strikes out swinging
Batting: LHB Badry Maksimenov 0-0: Ball
1-0: Ball
2-0: Ball
3-0: Ground out U3 (Groundball, 3)
Top of the 3rd over - 0 runs, 0 hits, 0 errors, 0 left on base; Casper 3 - Marquette 1
BOTTOM OF THE 3RD
Marquette Miners batting - Pitching for Casper Ghosts : RHP Huibrecht Bik
Batting: RHB Alejandro Márquez 0-0: Foul Ball, location: 2F
0-1: Foul Ball, location: 2F
0-2: Ball
1-2: Ball
2-2: SINGLE (Flyball, 89S)
Batting: RHB Steve Albright 0-0: Ball
1-0: Ball
2-0: Ball
3-0: Called Strike
3-1: Ground out 5-3 (Groundball, 56S)
Alejandro Márquez to second
Batting: RHB Arvi Sutinen 0-0: Ball
1-0: Swinging Strike
1-1: Ball
2-1: Ball
3-1: Fly out, F6 (Popup, 6D)
Batting: RHB Brock Dean 0-0: Fly out, F9 (Flyball, 89D)
Bottom of the 3rd over - 0 runs, 1 hit, 0 errors, 1 left on base; Casper 3 - Marquette 1
TOP OF THE 4TH
Casper Ghosts batting - Pitching for Marquette Miners : RHP Barry Mullen
Batting: RHB Jeff Mouton 0-0: Ball
1-0: Swinging Strike
1-1: Foul Ball, location: 2F
1-2: Strikes out swinging
Batting: RHB Adrijan Markovski 0-0: Called Strike
0-1: Ball
1-1: SOLO HOME RUN (Flyball, 9D), Distance : 401 ft
Batting: RHB Steve Weber 0-0: Ball
1-0: Ball
2-0: Ball
3-0: Base on Balls
Batting: RHB José Reyes 0-0: Ball
1-0: Ball
2-0: Ball
Throwing error on steal attempt, E2
Steve Weber to third
3-0: Swinging Strike
3-1: Foul Ball, location: 2F
3-2: Foul Ball, location: 2F
3-2: Foul Ball, location: 2F
3-2: Foul Ball, location: 2F
3-2: Strikes out swinging
Batting: RHB Alfredo López 0-0: Ball
1-0: Called Strike
1-1: Swinging Strike
1-2: Ball
2-2: SINGLE (Flyball, 9LS)
Steve Weber scores
Batting: RHB Armando Pacheco 0-0: Ball
1-0: Foul Ball, location: 2F
1-1: Ball
2-1: Foul Ball, location: 2F
2-2: Strikes out swinging
Top of the 4th over - 2 runs, 2 hits, 1 error, 1 left on base; Casper 5 - Marquette 1
BOTTOM OF THE 4TH
Marquette Miners batting - Pitching for Casper Ghosts : RHP Huibrecht Bik
Batting: SHB Theron Montecalvo 0-0: Ball
1-0: Ball
2-0: Ground out 3-1 (Groundball, 34)
Batting: RHB Franklin Kelley 0-0: Called Strike
0-1: Called Strike
0-2: Ball
1-2: Foul Ball, location: 2F
1-2: Strikes out looking
Batting: RHB Sameen Shaw 0-0: Fly out, F7 (Flyball, 7LS)
Bottom of the 4th over - 0 runs, 0 hits, 0 errors, 0 left on base; Casper 5 - Marquette 1
TOP OF THE 5TH
Casper Ghosts batting - Pitching for Marquette Miners : RHP Barry Mullen
Batting: LHB Ronald Anderson 0-0: Ball
1-0: Ball
2-0: Swinging Strike
2-1: Ball
3-1: Base on Balls
Batting: LHB Marcus Shill Pickoff Throw to First - Error! E1
Ronald Anderson to second
0-0: Called Strike
0-1: Ball
1-1: Ball
Wild Pitch!
Ronald Anderson to third
2-1: Swinging Strike
2-2: SINGLE (Groundball, 4MD)
Ronald Anderson scores
Pitching: RHP Parker Ball
Batting: LHB Badry Maksimenov 0-0: Grounds into double play, 1-4-3 (Groundball, 15)
Batting: RHB Jeff Mouton 0-0: Fly out, F8 (Flyball, 8LS)
Top of the 5th over - 1 run, 1 hit, 1 error, 0 left on base; Casper 6 - Marquette 1
BOTTOM OF THE 5TH
Marquette Miners batting - Pitching for Casper Ghosts : RHP Huibrecht Bik
Batting: RHB Matt Cleveland 0-0: Ball
1-0: Ball
2-0: Fly out, F9 (Flyball, 9S)
Batting: RHB Vic Funnell 0-0: Ball
1-0: Foul Ball, location: 2F
1-1: Ball
2-1: Ball
3-1: Called Strike
3-2: Strikes out swinging
Batting: RHB Alejandro Márquez 0-0: Called Strike
0-1: Foul Ball, location: 2F
0-2: Foul Ball, location: 2F
0-2: Fly out, F6 (Line Drive, 6)
Bottom of the 5th over - 0 runs, 0 hits, 0 errors, 0 left on base; Casper 6 - Marquette 1
TOP OF THE 6TH
Casper Ghosts batting - Pitching for Marquette Miners : RHP Parker Ball
Batting: RHB Adrijan Markovski 0-0: Called Strike
0-1: Fly out, F9 (Flyball, 89M)
Pitching: RHP Jorge Vega
Batting: RHB Steve Weber 0-0: Ball
1-0: Foul Ball, location: 2F
1-1: Foul Ball, location: 2F
1-2: Ball
2-2: Foul Ball, location: 2F
2-2: SINGLE (Line Drive, 8RS)
Batting: RHB José Reyes 0-0: Called Strike
0-1: Ball
1-1: Ball
2-1: Ball
3-1: TRIPLE (Flyball, 9D)
Steve Weber scores
Batting: RHB Alfredo López 0-0: Fly out, F8 (Flyball, 8RD)
Runner from 3rd tags up, SCORES, no throw
Batting: RHB Armando Pacheco 0-0: Ball
1-0: Foul Ball, location: 2F
1-1: Ball
2-1: Ball
3-1: Fly out, F9 (Flyball, 9LM)
Top of the 6th over - 2 runs, 2 hits, 0 errors, 0 left on base; Casper 8 - Marquette 1
BOTTOM OF THE 6TH
Marquette Miners batting - Pitching for Casper Ghosts : RHP Huibrecht Bik
Batting: RHB Steve Albright 0-0: Ball
1-0: Called Strike
1-1: Called Strike
1-2: Ball
2-2: DOUBLE (Flyball, 9LD)
Batting: RHB Arvi Sutinen 0-0: Ball
1-0: Ball
2-0: Ball
3-0: Base on Balls
Batting: RHB Brock Dean 0-0: Called Strike
0-1: SINGLE (Line Drive, 9S)
Steve Albright to third
Arvi Sutinen to second
Batting: SHB Theron Montecalvo 0-0: Ball
1-0: GRAND SLAM HOME RUN (Line Drive, 9D), Distance : 387 ft
Pitching: RHP Robert Cagle
Batting: RHB Franklin Kelley 0-0: Ball
1-0: Called Strike
1-1: Ball
2-1: Ball
3-1: Base on Balls
Batting: RHB Sameen Shaw 0-0: Ball
1-0: Foul Ball, location: 2F
1-1: Grounds into double play, 6-4-3 (Groundball, 6)
Batting: RHB Matt Cleveland 0-0: Fly out, F3 (Popup, 3F)
Bottom of the 6th over - 4 runs, 3 hits, 0 errors, 0 left on base; Casper 8 - Marquette 5
TOP OF THE 7TH
Casper Ghosts batting - Pitching for Marquette Miners : RHP Jorge Vega
Batting: LHB Ronald Anderson 0-0: Ball
1-0: Ball
2-0: SINGLE (Line Drive, 6MD)
Batting: LHB Marcus Shill 0-0: Ball
1-0: Ball
2-0: Ball
3-0: Called Strike
3-1: Base on Balls
Ronald Anderson to second
Pitching: RHP Joaquin Farias
Batting: LHB Badry Maksimenov 0-0: Ball
1-0: Fielders Choice at 2nd, 1-6 (Groundball, 13)
Ronald Anderson to third
Batting: RHB Jeff Mouton 0-0: DOUBLE (Line Drive, 7LS)
Ronald Anderson scores
Badry Maksimenov to third
Batting: RHB Adrijan Markovski 0-0: Called Strike
0-1: Ball
1-1: Fly out, F5 (Line Drive, 5S)
Batting: RHB Steve Weber 0-0: Ball
1-0: Ground out 4-3 (Groundball, 4)
Top of the 7th over - 1 run, 2 hits, 0 errors, 2 left on base; Casper 9 - Marquette 5
BOTTOM OF THE 7TH
Marquette Miners batting - Pitching for Casper Ghosts : RHP Robert Cagle
Batting: RHB Vic Funnell 0-0: Ball
1-0: Foul Ball, location: 2F
1-1: Swinging Strike
1-2: Foul Ball, location: 2F
1-2: Ball
2-2: Ball
3-2: SINGLE (Groundball, 25) (infield hit)
Batting: RHB Alejandro Márquez 0-0: Called Strike
0-1: Ball
1-1: Ball
2-1: Ball
3-1: Foul Ball, location: 2F
3-2: Fielders Choice at 2nd, 1-4 (Groundball, 15S)
Batting: RHB Steve Albright 0-0: Swinging Strike
0-1: Called Strike
0-2: Ball
1-2: Strikes out swinging
Batting: RHB Arvi Sutinen 0-0: Fly out, F7 (Flyball, 7S)
Bottom of the 7th over - 0 runs, 1 hit, 0 errors, 1 left on base; Casper 9 - Marquette 5
TOP OF THE 8TH
Casper Ghosts batting - Pitching for Marquette Miners : RHP Joaquin Farias
Batting: RHB José Reyes 0-0: Ball
1-0: Called Strike
1-1: DOUBLE (Groundball, 5L)
Batting: RHB Alfredo López 0-0: Ground out U3 (Groundball, 3S)
José Reyes to third
Batting: RHB Armando Pacheco 0-0: Called Strike
0-1: Foul Ball, location: 2F
0-2: Foul Ball, location: 2F
0-2: Hit by Pitch
Batting: LHB Ronald Anderson 0-0: Ball
1-0: Called Strike
1-1: Ball
2-1: Ground out U3 (Groundball, 3)
Armando Pacheco to second
Batting: LHB Marcus Shill 0-0: Foul Ball, location: 2F
0-1: Ball
1-1: Swinging Strike
1-2: Ground out 1-3 (Groundball, 13)
Top of the 8th over - 0 runs, 1 hit, 0 errors, 2 left on base; Casper 9 - Marquette 5
BOTTOM OF THE 8TH
Marquette Miners batting - Pitching for Casper Ghosts : RHP Robert Cagle
Batting: RHB Brock Dean 0-0: Ground out 1-3 (Groundball, P)
Batting: SHB Theron Montecalvo 0-0: Called Strike
0-1: Ground out 4-3 (Groundball, 34)
Batting: RHB Franklin Kelley 0-0: Swinging Strike
0-1: Foul Ball, location: 2F
0-2: Ball
1-2: Ball
2-2: Foul Ball, location: 2F
2-2: Ball
3-2: Base on Balls
Batting: RHB Sameen Shaw 0-0: Ball
1-0: TRIPLE (Line Drive, 78XD)
Franklin Kelley scores
Batting: RHB Matt Cleveland 0-0: Foul Ball, location: 2F
0-1: SINGLE (Flyball, 89S)
Sameen Shaw scores
Batting: RHB Vic Funnell 0-0: Foul Ball, location: 2F
0-1: Ground out 4-3 (Groundball, 4)
Bottom of the 8th over - 2 runs, 2 hits, 0 errors, 1 left on base; Casper 9 - Marquette 7
TOP OF THE 9TH
Casper Ghosts batting - Pitching for Marquette Miners : RHP Joaquin Farias
Batting: LHB Badry Maksimenov 0-0: Fly out, F5 (Popup, 25F)
Batting: RHB Jeff Mouton 0-0: Called Strike
0-1: Ball
1-1: Foul Ball, location: 2F
1-2: Ball
2-2: Fly out, F8 (Flyball, 89D)
Batting: RHB Adrijan Markovski 0-0: Ground out 5-3 (Groundball, 56)
Top of the 9th over - 0 runs, 0 hits, 0 errors, 0 left on base; Casper 9 - Marquette 7
BOTTOM OF THE 9TH
Marquette Miners batting - Pitching for Casper Ghosts : RHP Robert Cagle
Pitching: RHP Marc Henderson
Now at SS: Vilhelm Loyen
Now in CF: Paco Ríos
Batting: RHB Alejandro Márquez 0-0: Ball
1-0: Ground out 4-3 (Groundball, 4M)
Batting: RHB Steve Albright 0-0: Foul Ball, location: 2F
0-1: Foul Ball, location: 2F
0-2: Foul Ball, location: 2F
0-2: Ball
1-2: Fly out, F5 (Line Drive, 5)
Batting: RHB Arvi Sutinen 0-0: Ball
1-0: Swinging Strike
1-1: Ground out 6-3 (Groundball, 6)
Bottom of the 9th over - 0 runs, 0 hits, 0 errors, 0 left on base; Casper 9 - Marquette 7
Friday, March 29th, 2019 - OOTP Baseball 18.8 Build 76